 Dungeon Crawl Stone Soup version 0.27-a0-906-g0a00ce863d (webtiles) character file.

Game seed: 10230501690720136540

30 spiderkeys the Skirmisher (level 3, -1/26 HPs)
             Began as an Octopode Berserker on Apr 6, 2021.
             Was a Believer of Trog.
             Killed from afar by Natasha (10 damage)
             ... with a magic dart
             ... on level 2 of the Dungeon.
             The game lasted 00:01:49 (1030 turns).

spiderkeys the Skirmisher (Octopode Berserker)      Turns: 1030, Time: 00:01:50

Health: -1/26      AC:  1    Str: 17    XL:     3   Next: 20%
Magic:  3/3        EV: 13    Int:  9    God:    Trog [**....]
Gold:   40         SH:  5    Dex: 11    Spells: 2/2 levels left

rFire    . . .     SeeInvis .     - Unarmed
rCold    . . .     Faith    .   a - +2 buckler
rNeg     . . .     Spirit   .   (helmet restricted)
rPois    .         Reflect  .   (no amulet)
rElec    .         Harm     .   (no ring)
rCorr    .         Rampage  .   (no ring)
Will     .....                  (no ring)
Stlth    +++.......             (no ring)
HPRegen  0.08/turn              (no ring)
MPRegen  0.08/turn              (no ring)
                                (no ring)
                                (no ring)

@: on berserk cooldown, slowed, very slow
A: almost no armour, amphibious, 8 rings, camouflage 1, gelatinous body 1,
(nimble swimmer 1), tentacles
a: Renounce Religion, Berserk, Trog's Hand


You were on level 2 of the Dungeon.
You worshipped Trog.
Trog was pleased with you.
You visited 1 branch of the dungeon, and saw 2 of its levels.

You collected 40 gold pieces.

Inventory:

Missiles
 d - 7 poisoned darts
Armour
 a - a +2 buckler (worn)
Jewellery
 f - a ring of ice
Scrolls
 b - a scroll of enchant armour {unknown}
 c - a scroll of holy word
 e - 2 scrolls of identify


   Skills:
 + Level 3.3 Fighting
 + Level 3.3 Dodging
 + Level 1.7 Stealth
 + Level 1.1 Shields
 - Level 3.1 Unarmed Combat


You had 2 spell levels left.
You didn't know any spells.
Your spell library was empty.

Dungeon Overview and Level Annotations

Branches:
Dungeon (2/15)

Altars:

Shops:
D:1 [

Annotations:
D:2 Natasha, Sigmund


Innate Abilities, Weirdness & Mutations

You cannot wear most types of armour.
You are amphibious.
You can wear up to eight rings at the same time.
Your skin changes colour to match your surroundings (Stealth+).
Your rubbery body absorbs attacks. (AC +1, EV +1)
((You are camouflaged near water. (Stealth+)))
You have tentacles for arms and can constrict up to eight enemies at once.


Message History

Sigmund the Dreaded comes into view.
He is wielding a +0 scythe.
Found a stone staircase leading down.
Sigmund shouts!
Natasha, Servant of Life and Death comes into view.
The rat closely misses you. Sigmund casts a spell at you.
The puff of flame hits you!
You see here a +0 club.
A red film seems to cover your vision as you go berserk!
You feel yourself moving faster!
You feel mighty! The rat barely misses you.
Sigmund gestures at you while chanting.
You are confused.
You are too confused!
You are too confused!
You are too confused!
You are too confused!
You are too confused!
You feel a strong urge to attack something.
The rat barely misses you. Sigmund misses you.
You feel your anger nearly subside.
Natasha growls.
Sigmund hits you from afar with a +0 scythe!
You are no longer berserk.
You are exhausted.
You feel yourself slow down.
You tentacle-slap Natasha. Your squeeze misses Natasha.
Natasha is moderately wounded.
Sigmund misses you. Natasha casts a spell at you.
You resist with significant effort. The rat misses you.
Sigmund closely misses you. Natasha completely misses you.
Sigmund barely misses you. Natasha barely misses you.
The rat barely misses you.
You feel less confused. Sigmund barely misses you. The rat closely misses you.
Sigmund closely misses you. Natasha casts a spell at you.
The magic dart hits you!
You die...

.# ### .# ..# >####.
#.####...... #.#@h@..#
#.#.r...###.....
####.#..........#..
#.....)....##......
#.##.#............#
####.##.#.#.#.###.##..
#.......#.###..#..##.#
#.##.###..#.#.###.##.#
#.##.........[...††#<#


You could see Sigmund, Natasha and a rat.

Vanquished Creatures
  An adder (D:2)
  3 hobgoblins (D:1)
  A quokka (D:1)
  4 ball pythons
  4 bats
  A frilled lizard (D:2)
  4 kobolds (D:1)
  4 rats
22 creatures vanquished.

Notes
Turn   | Place    | Note
-------+----------+-------------------------------------------
     0 | D:1      | spiderkeys the Octopode Berserker began the quest for the
                  | Orb.
     0 | D:1      | Reached XP level 1. HP: 16/16 MP: 1/1
   213 | D:1      | Found Luhi's Antique Armour Boutique.
   553 | D:1      | Reached XP level 2. HP: 17/21 MP: 2/2
   649 | D:1      | Reached skill level 1 in Stealth
   657 | D:1      | Found a faded altar of an unknown god.
   968 | D:2      | Reached skill level 1 in Shields
   968 | D:2      | Reached XP level 3. HP: 26/26 MP: 3/3
   984 | D:2      | Reached ** piety under Trog
  1020 | D:2      | Noticed Sigmund
  1022 | D:2      | Noticed Natasha
  1030 | D:2      | Killed from afar by Natasha

Illustrated notes

Levels and vault maps discovered:
D:1:      heliophobic_arrival_dark_side_of_the_moon, layout_basic,
          basic_ecumenical_altar, serial_shops, nicolae_shop_stone,
          minmay_misc_feat_pillars, kennysheep_minor_cross
D:2:      layout_loops_cross, minmay_heptomino_h4, uniq_natasha, uniq_jessica,
          uniq_sigmund

Skill      XL: |  1  2 |
---------------+-------+-----
Stealth        | 1 |  1.7
Shields        | 1 |  1.1
Fighting       | |  3.3
Dodging        | |  3.3
Unarmed Combat | |  3.1

Action                   || total
-------------------------++-------
Melee: Unarmed           ||    38
       Constrict         ||    12
       Tentacles         ||     7
Invok: Berserk           ||     1
  Use: Scroll            ||     3
 Stab: Sleeping          ||     5
Armor: Skin              ||     3
Dodge: Dodged            ||    30
Block: Buckler           ||     8

Table legend: (Time is in decaauts)
 A = Elapsed time spent in this place.
 B = Non-inter-level travel time spent in this place.
 C = Inter-level travel time spent in this place.
 D = Time resting spent in this place.
 E = Time spent auto-exploring this place.
 F = Levels seen in this place.
 G = Mean time per level.
                   A        B        C        D        E       F      G
               +--------+--------+--------+--------+--------+-----+--------+
         Total |   1030 |   1003 |     27 |      0 |    879 |   2 |  515.0 |
       Dungeon |   1030 |   1003 |     27 |      0 |    879 |   2 |  515.0 |
               +--------+--------+--------+--------+--------+-----+--------+

Top non-repeatable levels by time:
     D:1: 959 daAuts
     D:2: 70 daAuts
